[Event "1000GM 0003 GM Norm 2022"]
[Site "Saint Louis"]
[Date "2022.09.22"]
[Round "3.1"]
[White "Kretchetov, Alexandre"]
[Black "Raja Harshit"]
[Result "1/2-1/2"]
[ECO "E51"]
[WhiteElo "2144"]
[BlackElo "2459"]
[Annotator "TA"]
[PlyCount "94"]
[EventDate "2022.09.21"]
[EventType "tourn"]
[EventCountry "USA"]
[SourceTitle "playchess.com"]
[Source "ChessBase"]
[SourceQuality "1"]
[TimeControl "5400+30"]

1. Nf3 d5 2. d4 Nf6 3. c4 e6 4. Nc3 Bb4 5. e3 O-O 6. Bd2 b6 7. cxd5 exd5 8. Bd3 {[%emt 0:00:04] E51: Nimzo-Indian: Rubinstein: 4...0-0 5 Nf3 d5.} Bd6 9. O-O Re8 {[%emt 0:00:19] Against e4} 10. Qb1 Bb7 11. b4 a6 12. Rc1 Ne4 13. b5 a5 14. Be1 Nd7 15. Qb3 Ndf6 16. Ne2 Qe7 17. a4 {[%emt 0:08:55] [#]} Rad8 $146 ({Predecessor:} 17... Rac8 18. Rc2 h6 19. Nd2 Nxd2 20. Rxd2 Ne4 21. Rc2 Qg5 22. Nc3 Nf6 23. h3 Re7 {0-1 (45) Taylor,B (2166)-Anikeev,V (2269) ICCF email 2016}) 18. Qc2 Rd7 19. Ng3 g6 {[%emt 0:03:00] Prevents Nf5.} 20. Ra2 Ng4 21. Nf1 f6 22. h3 Nh6 23. N3d2 f5 24. Nb3 Ba8 25. f3 Ng5 26. Qf2 Qg7 27. Rac2 Rf7 28. Kh1 Bb7 29. Qh4 Ne4 30. Bxe4 $2 (30. fxe4 $11 {and White stays safe.} fxe4 31. Be2) 30... fxe4 $19 31. Nbd2 exf3 32. Nxf3 g5 (32... Re4 $19 33. Qf2 g5) 33. Qh5 $15 {[%emt 0:00:51] And now Bg3 would win.} g4 $36 {[%emt 0:15:50][%mdl 2048] Black is pushing.} 34. hxg4 Nxg4 {[%emt 0:00:12] ...Re6 is the strong threat.} 35. Bg3 {[%emt 0:09:04] [#]} (35. Bh4 $17) 35... Re6 $1 $19 ({Resist} 35... Nxe3 36. Nxe3 Qxg3 37. Nf5 Rxf5 38. Qxe8+ Rf8 39. Qe6+ Kg7 40. Ne5 Qh4+ 41. Qh3 Qxh3+ 42. gxh3 $16) ({Weaker is} 35... Bxg3 36. Nxg3 Re6 37. Kg1 Nxe3 38. Re2 $14) 36. Kg1 {[%emt 0:04:57] [#]} (36. Bxd6 $142 cxd6 37. Qg5) 36... Rh6 $1 ({Worse is} 36... Nxe3 37. Ng5 Rxf1+ 38. Rxf1 $11) 37. Qg5 Qxg5 38. Nxg5 {[%emt 0:00:11] [#]} Rxf1+ 39. Kxf1 {[%emt 0:00:36] aiming for Bxd6.} Nxe3+ $2 (39... Bxg3 $19 40. Ke2 Rg6) 40. Kf2 $11 {[%emt 0:02:28] The position is equal.} Nxc2 41. Rxc2 {[%emt 0:01:12] Black must now prevent Bxd6.} c6 42. Bxd6 Rxd6 {[%emt 0:00:04] KRB-KRN} 43. Nf3 cxb5 44. axb5 {[%emt 0:01:38] Strongly threatening Rc7.} Rd7 {[%emt 0:00:06] Inhibits Rc7.} 45. Ne5 Re7 46. Ke3 Kg7 $1 47. Kf4 Kf6 {[%emt 0:00:59] Whites escaped into a draw.  Weighted Error Value: White=0.20 (precise) /Black=0.14 (very precise)} 1/2-1/2

[Event "1000GM 0003 GM Norm 2022"]
[Site "Saint Louis"]
[Date "2022.09.22"]
[Round "3.2"]
[White "Mardov, Dimitar"]
[Black "Chandra, Akshat"]
[Result "1-0"]
[ECO "C54"]
[WhiteElo "2414"]
[BlackElo "2471"]
[Annotator "TA"]
[PlyCount "65"]
[EventDate "2022.09.21"]
[EventType "tourn"]
[EventCountry "USA"]
[SourceTitle "playchess.com"]
[Source "ChessBase"]
[SourceQuality "1"]
[TimeControl "5400+30"]

1. e4 e5 2. Nf3 Nc6 3. Bc4 Bc5 4. O-O Nf6 5. d3 d6 6. c3 O-O 7. h3 h6 8. Re1 a5 {[%emt 0:05:17] 8...Bb6 is a critical line. C54: Giuoco Piano: 4 c3 Nf6, main lines with 5 d4 and 5 d3.} 9. Nbd2 Be6 10. Bb5 Nd7 {[%emt 0:04:48] [#] The position is equal.} 11. Bxc6 $146 (11. Nf1 $14) ({Predecessor:} 11. Nf1 d5 12. Be3 Bd6 13. Ng3 dxe4 14. dxe4 Ne7 15. a4 Nf6 16. Qe2 Qc8 17. Bc4 {0-1 (59) Dominguez Perez,L (2754)-Mamedyarov,S (2758) Saint Louis 2022}) 11... bxc6 $11 12. d4 Bb6 13. Qa4 exd4 14. cxd4 Nb8 15. b3 d5 16. Ba3 dxe4 17. Rxe4 (17. Nxe4 $5 Re8 18. Nc3 $14) 17... Re8 18. Rae1 Nd7 $1 19. Qxc6 {[%emt 0:05:50] Hoping for d5.} Nf6 {[%emt 0:00:02] Against d5} 20. R4e2 $36 {[%emt 0:04:10][%mdl 2048] White has the initiative.} a4 {[%emt 0:03:58] ...axb3 is the strong threat.} 21. Qc1 ({Of course not} 21. Rxe6 fxe6 22. Bb2 axb3 23. axb3 Ra2 $17) 21... Bxd4 22. Nxd4 Qxd4 23. Bb2 Qd8 24. Qc3 axb3 25. axb3 Rf8 26. Ne4 {[%emt 0:00:52] Black must now prevent Rd2.} Bf5 $2 {[%emt 0:00:57][%mdl 8192] Black cannot hold the game after this.} (26... Bd5 $16 27. Ng3 (27. Nxf6+ Qxf6 28. Qd3 Qg5 $16) 27... Ra6) 27. Nxf6+ $18 Qxf6 {[%emt 0:00:02] [#]} 28. Qc5 ({Not} 28. Qxf6 gxf6 29. Bxf6 Rfb8 $16) (28. Qxc7 Qg5 $16) 28... Qg5 29. Re5 {[%emt 0:01:25] White is clearly winning.} Qf6 {[%emt 0:00:26] [#]} 30. Re8 $3 Raxe8 31. Rxe8 Qd6 32. Rxf8+ Kxf8 33. Qxf5 {[%emt 0:00:12] Weighted Error Value: White=0.03 (flawless) /Black=0.25 (precise)} 1-0

[Event "1000GM 0003 GM Norm 2022"]
[Site "Saint Louis"]
[Date "2022.09.22"]
[Round "3.3"]
[White "Williams, Justus"]
[Black "Kaliksteyn, Alexander"]
[Result "0-1"]
[ECO "A13"]
[WhiteElo "2392"]
[BlackElo "2393"]
[Annotator "TA"]
[PlyCount "76"]
[EventDate "2022.09.21"]
[EventType "tourn"]
[EventCountry "USA"]
[SourceTitle "playchess.com"]
[Source "ChessBase"]
[SourceQuality "1"]
[TimeControl "5400+30"]

1. Nf3 d5 2. c4 e6 3. e3 Nf6 4. b3 b6 5. Bb2 Bb7 6. Nc3 {[%emt 0:02:49] A13: English Opening: 1...e6.} Nbd7 7. cxd5 exd5 8. Rc1 {[%emt 0:03:35] The position is equal.} a6 9. d4 Bd6 10. g3 Qe7 11. Bg2 O-O 12. O-O {[%emt 0:01:28] [#]} Rae8 $146 ({Predecessor:} 12... Rac8 13. Ne2 Ne4 14. Nf4 Rfd8 15. Re1 Ndf6 16. Ne5 c5 17. Ng4 c4 18. Nxf6+ Nxf6 19. bxc4 dxc4 {0-1 (35) Artemiev,V (2716)-Abdusattorov,N (2627) Chess.com INT 2020}) 13. Rc2 Ne4 14. Nxe4 ({Better is} 14. Qe2) 14... dxe4 $11 15. Nd2 b5 {[%emt 0:00:26] Inhibits Nc4.} 16. Qa1 (16. Qe2 $11) 16... f5 $15 17. Rfc1 {[%emt 0:02:19] White is now going downhill.} (17. Qc1 $1 $15 {is more appropriate.}) 17... Nf6 $17 18. a3 (18. Bc3 $142) 18... Bd5 {[%emt 0:03:57][%cal Of5f4] Black is more active.} 19. Nc4 bxc4 $19 20. bxc4 f4 $1 21. cxd5 $2 (21. exf4 Bf7 22. Re1 (22. c5 $2 Bxf4 23. gxf4 Nd5 $19)) 21... fxe3 $2 (21... fxg3 $1 $19 22. hxg3 (22. fxg3 $2 Ng4 $19) 22... Ng4) 22. fxe3 {[%emt 0:00:14] [#]} (22. Bh3 $17 Nxd5 23. Rf1) 22... Ng4 $1 23. Bh3 Qg5 (23... Nxe3 $142 {White must now prevent ...Qg5.} 24. Re2 Qg5) 24. Bxg4 Qxg4 25. Rf1 {[%emt 0:00:49] [#]} Rf3 26. Rxf3 $2 (26. Bc3) 26... exf3 27. Kf2 h5 28. Qg1 h4 {[%emt 0:05:18] aiming for ...Qe4.} 29. Bc3 (29. Rc3 $19 Rb8 30. Bc1) 29... Qe4 30. Qc1 hxg3+ 31. hxg3 Rf8 {[%emt 0:05:18][%cal Od6g3] ( -> ...Bxg3+!)} 32. Rb2 {[%emt 0:07:32] [#]} Bxg3+ $1 {[%emt 0:03:36][%mdl 576] Decoy, Promotion} 33. Kxg3 Qg6+ 34. Kh3 Qh5+ 35. Kg3 Qg6+ 36. Kh3 $1 Qh5+ 37. Kg3 Qg5+ 38. Kh3 f2 {[%emt 0:00:10] Weighted Error Value: White=0.77/Black=0.50} 0-1

[Event "1000GM 0003 GM Norm 2022"]
[Site "Saint Louis"]
[Date "2022.09.22"]
[Round "3.4"]
[White "Stearman, Josiah"]
[Black "Antipov, Mikhail Al."]
[Result "1/2-1/2"]
[ECO "D38"]
[WhiteElo "2387"]
[BlackElo "2603"]
[Annotator "TA"]
[PlyCount "94"]
[EventDate "2022.09.21"]
[EventType "tourn"]
[EventCountry "USA"]
[SourceTitle "playchess.com"]
[Source "ChessBase"]
[SourceQuality "1"]
[TimeControl "5400+30"]

1. d4 Nf6 2. c4 e6 3. Nf3 d5 4. Nc3 Bb4 5. Qa4+ Nc6 6. e3 O-O 7. Bd2 Re8 {[%emt 0:01:15] D38: Queen's Gambit Declined: Ragozin Defence (4 Nf3 Bb4).} 8. a3 Bf8 $1 {[%emt 0:00:14] 8...Bf8 scores better than 8...Bd6.} 9. h3 {[%emt 0:00:42] [#]} Nb8 $146 {[%emt 0:07:42] The position is equal.} ({Predecessor:} 9... h6 10. Rd1 Bd7 11. Qc2 e5 12. dxe5 Nxe5 13. Nxd5 Nxf3+ 14. gxf3 Nxd5 15. cxd5 c6 {½-½ (60) Keymer,V (2675)-Niemann,H (2678) Prague 2022}) 10. Qc2 c5 11. dxc5 Bxc5 12. Rc1 Nbd7 13. b4 Bf8 14. cxd5 Nxd5 15. e4 Nxc3 16. Bxc3 Nb6 17. Bd3 Bd7 18. O-O Ba4 19. Qe2 f6 20. Bb2 Qd7 21. Nd4 Rad8 (21... e5 $5 22. Bb5 Qf7 $11) 22. e5 fxe5 23. Qxe5 Qd5 24. Qe2 {[%emt 0:10:51] White is more active.} e5 (24... g6 $142) 25. Be4 $16 Qd7 26. Nf3 Bb5 (26... Qb5 $16 27. Rfe1 Qxe2 28. Rxe2 Bb5) 27. Qc2 $18 Bxf1 28. Bxh7+ (28. Rxf1 $6 g6 $11) 28... Kh8 29. Rxf1 Qc6 {[%emt 0:03:15] ...e4 is the strong threat.} 30. Qf5 {[%emt 0:05:49][%mdl 1024] Black must now prevent Bg6. White has strong compensation.} (30. Bxe5 $6 Qxc2 31. Bxc2 Nc4 $11) 30... Qf6 31. Qe4 (31. Bxe5 Qxf5 32. Bxf5 Rd5 $17) 31... Qc6 32. Qf5 {[%emt 0:00:15] aiming for Bg6.} (32. Bxe5 Qxe4 33. Bxe4 Nd7 $15) 32... Qf6 33. Qe4 $40 {[%emt 0:00:04][%cal Rf3e5][%mdl 128] White mounts an attack.} (33. Bxe5 Qxf5 34. Bxf5 Rd5 $17) 33... Qc6 $1 34. Qxc6 (34. Bxe5 Qxe4 35. Bxe4 Nd7 $15) 34... bxc6 35. Bg6 Re6 36. Nxe5 {[%emt 0:05:55] And now Nf7+ would win.} Rd2 (36... Nc4 $16 {was necessary.}) 37. Bf7 {[%emt 0:02:44] A strong pair of Bishops.} Rf6 38. Bc1 Rdd6 39. Bg5 Rf5 40. f4 Nd7 {[%emt 0:01:14] [#]} 41. g4 $2 (41. Ng6+ $1 $18 Kh7 42. Nxf8+ Nxf8 43. Bb3) 41... Nxe5 $11 42. fxe5 Rxf1+ 43. Kxf1 {[%emt 0:00:02] KRB-KB} Rd3 {[%emt 0:00:11][%csl LRa3,LRh3] Hoping for ...Rf3+.} 44. e6 Rxh3 {[%emt 0:05:36] [#]} (44... Rf3+ $2 45. Ke2 Rxh3 46. e7 Bxe7 47. Bxe7 $18) (44... Rxa3 $11 {remains equal.} 45. Ke2 (45. e7 $2 Bxe7 46. Bxe7 Rf3+ 47. Ke2 Rxf7 $19) 45... Bxb4) 45. Bg6 $1 $16 {[%emt 0:00:34] White is better.} ({Not} 45. e7 $2 Bxe7 46. Kg2 Rd3 47. Bxe7 Rd7 $19) ({But not} 45. Kg2 $6 Rd3 $11) 45... Rxa3 46. e7 Bxe7 47. Bxe7 a5 {[%emt 0:00:18] Black defended with fortune.  Weighted Error Value: White=0.25 (precise) /Black=0.18 (very precise)} 1/2-1/2

[Event "1000GM 0003 GM Norm 2022"]
[Site "Saint Louis"]
[Date "2022.09.22"]
[Round "3.5"]
[White "Tugstumur, Yesuntumur"]
[Black "Gedajlovic, Max"]
[Result "1/2-1/2"]
[ECO "E11"]
[WhiteElo "2375"]
[BlackElo "2343"]
[Annotator "TA"]
[PlyCount "68"]
[EventDate "2022.09.21"]
[EventType "tourn"]
[EventCountry "USA"]
[SourceTitle "playchess.com"]
[Source "ChessBase"]
[SourceQuality "1"]
[TimeControl "5400+30"]

1. d4 Nf6 2. c4 e6 3. g3 d5 4. Bg2 Bb4+ 5. Bd2 a5 6. Nf3 O-O 7. O-O dxc4 {[%emt 0:00:30] E11: Bogo-Indian.} 8. Bg5 h6 9. Bxf6 Qxf6 10. Qc2 Nc6 11. Qxc4 {[%emt 0:02:37] 11.a3 gains popularity.} e5 12. d5 Nb8 13. Nc3 ({Reject} 13. Qxc7 e4 14. Ne1 Qxb2 $17) 13... Na6 14. Nd2 Bd7 15. a3 Bd6 {[%emt 0:02:04] [#]} 16. e4 $146 ({Predecessor:} 16. Nde4 Qe7 17. Rfc1 f5 18. Nxd6 cxd6 19. b4 Qd8 20. Qb3 axb4 21. axb4 Qb6 22. Na4 Bxa4 23. Qxa4 {½-½ (31) Saduakassova,D (2500)-Paehtz,E (2456) Caleta 2021}) 16... a4 17. Rae1 (17. Nxa4 $2 b5 18. Qe2 bxa4 $19) (17. Rac1 $11) 17... Bc5 (17... b5 $15 18. Qe2 (18. Nxb5 Rfb8 $17) 18... b4 19. axb4 Bxb4) 18. Nxa4 $11 b5 19. Nxc5 bxc4 20. Nxd7 {[%emt 0:00:02] Pair of Knights!} Qg5 (20... Qe7 $11 {keeps the balance.} 21. Nxf8 c3 22. bxc3 Qxf8) 21. f4 $2 {[%emt 0:00:57] White is more active.} (21. Nxc4 $16 Rfe8 22. Ndxe5) 21... Qe7 22. Nxf8 Nc5 {[%emt 0:09:58] And now ...Nd3 would win.} 23. Re3 Ra4 24. fxe5 Qxe5 25. Ref3 $1 Qxb2 {[%emt 0:04:46] White must now prevent ...c3.} 26. Rxf7 {[%emt 0:11:48][%cal Of8e6] aiming for Ne6!} c3 27. Ne6 cxd2 (27... Nxe6 $11 28. dxe6 Qb6+ 29. Kh1 Qxe6 30. Rf8+ Kh7) 28. Rxg7+ $16 ({Don't blunder} 28. Rf8+ $2 Kh7 29. Bf3 Rxa3 $1 $19) 28... Qxg7 29. Nxg7 {[%emt 0:00:01] Chess con chili.} Kxg7 $11 {[%emt 0:02:25] KRB-KRN} 30. Rd1 Nb3 {[%emt 0:01:06] [#]} 31. e5 $1 Rxa3 32. d6 ({White should try} 32. Kf2 $16) 32... cxd6 $1 (32... Ra1 33. Rxa1 Nxa1 34. Bf3 cxd6 35. exd6 $18) 33. exd6 {[%emt 0:00:02] d7 would kill now.} Ra6 $1 34. Bd5 Nc5 {[%emt 0:00:24] Weighted Error Value: White=0.15 (very precise) /Black=0.20 (precise)} 1/2-1/2